 Dungeon Sprint DCSS version 0.28-a0-1347-g113dc556a4 (webtiles) character file.

Game seed: 13817171291660411709

318 Turgor the Grappler (level 8, -6/49 HPs)
             Began as a Vine Stalker Fighter on Dec 29, 2021.
             Was a Follower of Ru.
             Killed from afar by a bog body (37 damage)
             ... with a bolt of cold
             ... in the Dungeon (Sprint VI: "Thunderdome").
             The game lasted 00:23:04 (731 turns).

Turgor the Grappler (Vine Stalker Fighter)           Turns: 731, Time: 00:23:05

Health: -6/49      AC:  9    Str: 20    XL:     8   Next: 54%
Magic:  0/9        EV: 11    Int: 21    God:    Ru [*.....]
Gold:   58         SH:  5    Dex: 13    Spells: 7/7 levels left

rFire   . . .      SeeInvis .     - Unarmed
rCold   . . .      Faith    +   b - +0 buckler
rNeg    . . .      Spirit   +   a - +0 scale mail
rPois   .          Reflect  .   (no helmet)
rElec   .          Harm     .   g - +1 cloak "Uceegey" {*Slow Int+5}
rCorr   +          Rampage  .   (no gloves)
Will    +....      NoTele   +   (no boots)
Stlth   +++.......              q - amulet of Okhirin {Faith Drain Int+4 Stlth+}
HPRegen 0.96/turn               o - ring of Conformity {rCorr Int+2}
MPRegen 0.11/turn               (no ring)

@: horrified, slowed, very slow
A: fangs 3, regeneration 1, magic shield, antimagic bite, no potion heal 2,
cowardly
a: Renounce Religion


You were in the Dungeon.
You worshipped Ru.
Ru was aware of your devotion.
You visited 1 branch You collected 600 gold pieces.
You spent 542 gold pieces at shops.

Inventory:

Missiles
 n - 14 stones (quivered)
Armour
 a - a +0 scale mail (worn)
 b - a +0 buckler (worn)
 g - the +1 cloak "Uceegey" (worn) {*Slow Int+5}
   (You bought it in a shop in the Dungeon)

   Int:       It affects your intelligence (+5).
   *Slow:     It may slow you when you take damage.
Jewellery
 o - the ring of Conformity (left hand) {rCorr Int+2}
   (You bought it in a shop in the Dungeon)

   [ring of resist corrosion]

   Int:       It affects your intelligence (+2).
   rCorr:     It protects you from acid and corrosion.
 p - the ring "Totame" {Contam Drain rElec rN++ Dex+6}
   (You bought it in a shop in the Dungeon)

   [ring of dexterity]

   Dex:       It affects your dexterity (+6).
   rElec:     It insulates you from electricity.
   rN:        It greatly protects you from negative energy.
   Contam:    It causes magical contamination when unequipped.
   Drain:     It drains your maximum health when unequipped.
 q - the amulet of Okhirin (around neck) {Faith Drain Int+4 Stlth+}
   (You bought it in a shop in the Dungeon)

   [amulet of faith]

   It allows you to gain divine favour quickly.
   Int:       It affects your intelligence (+4).
   Drain:     It drains your maximum health when unequipped.
   Stlth:     It makes you more stealthy.
 r - the ring "Caocoer" {rCorr MP+9 Str-2 Int+4}
   (You bought it in a shop in the Dungeon)

   [ring of magical power]

   Str:       It affects your strength (-2).
   Int:       It affects your intelligence (+4).
   MP:        It affects your magic capacity (+9).
   rCorr:     It protects you from acid and corrosion.
Wands
 i - a wand of acid (1)
 j - a wand of iceblast (2)
Scrolls
 h - 4 scrolls of blinking
 k - 3 scrolls of fog
Potions
 c - a potion of might
 d - a potion of curing
 e - 3 potions of haste
 f - 2 potions of magic
 m - a potion of resistance


   Skills:
 + Level 8.8 Fighting
 + Level 5.4 Armour
 + Level 4.2 Dodging
 - Level 6.0 Stealth
 - Level 4.0 Shields
 * Level 12.9 Unarmed Combat


You had 7 spell levels left.
You didn't know any spells.
Your spell library was empty.

Dungeon Overview and Level Annotations

Branches:
Dungeon (1/1)

Altars:
Cheibriados
Dithmenos
Fedhas
Gozag
Kikubaaqudgha
Makhleb
Okawaru
Qazlal
Ru
Sif Muna
Trog
Uskayaw
Vehumet
Wu Jian
Xom
Yredelemnul
Zin
The Shining One
Beogh
Lugonu

Shops:
D *[??*?*:[((!!!!


Innate Abilities, Weirdness & Mutations

You have razor-sharp teeth.
Your natural rate of healing is unusually fast.
When hurt, damage is shared between your health and your magic reserves.
Your bite disrupts and absorbs the magic of your enemies.
Potions cannot restore your health.
Your cowardice makes you less effective in combat with threatening foes.


Message History

There is a burning altar of Makhleb here.
Things that are here:
a +2 robe; a +3 scythe
There is an ornate altar of the Wu Jian Council here.
There is an entrance to Puthaun's Advanced Armour here.
g - the +1 cloak "Uceegey" {*Slow Int+5} Thank you for shopping at Puthaun's Advanced Armour!
You start putting on your armour.
You continue putting on the +1 cloak "Uceegey" {*Slow Int+5}. x4
You finish putting on the +1 cloak "Uceegey" {*Slow Int+5}.
You feel clever.
There is a burning altar of Makhleb here.
Things that are here:
a +2 robe; a +3 scythe Magic restored.
HP restored.
Get ready!
ROUND 5!
BOSS ROUND!
You feel a twist of horror at the sight of this foe.
A bog body comes into view.
You see here a wolf skeleton.
You see here a wolf skeleton.
Items here: ) [[ ÷.
The bog body touches you! The bog body freezes you!
You hit the bog body but do no damage.
The bog body points at you and mumbles some strange words.
You feel yourself slow down.
You hit the bog body.
The bog body is lightly damaged.
The bog body casts a spell at you.
You feel as though you will be slow longer.
You hit the bog body but do no damage.
The bog body is lightly damaged.
You block the bog body's attack.
You pummel the bog body!! Your bite misses the bog body.
The bog body is severely damaged.
The bog body gestures at you while chanting.
The bolt of cold hits you!!!
Ouch! That really hurt!
You die...

######.8.........8.######
#.___..(...###..)...___∩##
∩........8.# #.8........∩###
........!..###.............##
........###...###..........⌠#
........# #.<.# #.....[....⌠#
........###...###..........⌠#
.........).###÷[...........##
∩........8.# #.8@..)....∩###
#∩.__......###...n...__∩##
######.8.........8.######
#⌠...........§#
###.........### #........_#
#_......._# #_......._#
#∩.......∩#


You could see a bog body.

Vanquished Creatures
  2 guardian mummies (D)
  Sigmund (D)
  Menkaure (D)
  A wolf (D)
  A centaur (D)
  3 gnoll sergeants (D)
  A hound (D)
  An iguana (D)
  5 mummies (D)
  2 gnolls (D)
  An adder (D)
  A dart slug (D)
  2 ball pythons (D)
  A bat skeleton (D)
  An endoplasm (D)
  A rat (D)
25 creatures vanquished.

Notes
Turn   | Place    | Note
-------+----------+-------------------------------------------
     0 | D        | Turgor the Vine Stalker Fighter began the quest for the
                  | Orb.
     0 | D        | Reached XP level 1. HP: 11/11 MP: 2/2
     0 | D        | Found a corrupted altar of Lugonu.
     1 | D        | Found a radiant altar of Vehumet.
     1 | D        | Found an ancient bone altar of Kikubaaqudgha.
     2 | D        | Found a basalt altar of Yredelemnul.
     3 | D        | Found Naefyukh's Do-It-Yourself Clinic.
     3 | D        | Found a glowing silver altar of Zin.
     3 | D        | Found a sacrificial altar of Ru.
     3 | D        | Found Tygupt's Distillery.
     4 | D        | Found Erghyx's Bottled Wisdom.
     4 | D        | Found Ugaikiylo's Distillery.
     5 | D        | Round 1.
    10 | D        | Became a worshipper of Ru the Awakened
    12 | D        | Found a glowing golden altar of the Shining One.
    22 | D        | Found a burning altar of Makhleb.
    25 | D        | Found an ornate altar of the Wu Jian Council.
    25 | D        | Found a blossoming altar of Fedhas.
    26 | D        | Found a snail-covered altar of Cheibriados.
    26 | D        | Found an opulent altar of Gozag.
    27 | D        | Found Kiadom's Premium Goods.
    27 | D        | Found Patoushru's Weapon Rack.
    28 | D        | Found Ucidwof's Miscellaneous Merchandise.
    28 | D        | Found Legrydd's Basic Armour.
    33 | D        | Reached skill level 4 in Unarmed Combat
    33 | D        | Reached XP level 2. HP: 15/16 MP: 3/3
    42 | D        | Found Gottecse's Identification Station.
    43 | D        | Found Puthaun's Advanced Armour.
    43 | D        | Found Leco's Jewellery.
    43 | D        | Found an iron altar of Okawaru.
    43 | D        | Found a hide-covered altar of Uskayaw.
    43 | D        | Found a shimmering altar of Xom.
    50 | D        | Noticed Sigmund
    53 | D        | Killed Sigmund
    54 | D        | Reached skill level 8 in Unarmed Combat
    54 | D        | Reached XP level 3. HP: 23/23 MP: 4/4
    54 | D        | Gained mutation: Your natural rate of healing is unusually
                  | fast. [Vine Stalker growth]
    54 | D        | Reached XP level 4. HP: 28/28 MP: 5/5
    54 | D        | Reached XP level 5. HP: 32/32 MP: 6/6
    64 | D        | Arena points: 12 (+12) [x2]
    65 | D        | Reached skill level 9 in Unarmed Combat
    68 | D        | Gained mutation: Your cowardice makes you less effective in
                  | combat with threatening foes. [Ru sacrifice]
    68 | D        | Reached * piety under Ru
    74 | D        | Bought 15 stones for 30 gold pieces
   108 | D        | Bought an ancient iron ring for 45 gold pieces
   108 | D        | Identified the ring of Conformity {rCorr Int+2} (You bought
                  | it in a shop in the Dungeon)
   108 | D        | Bought an ancient bone ring for 45 gold pieces
   108 | D        | Identified the ring "Totame" {Contam Drain rElec rN++
                  | Dex+6} (You bought it in a shop in the Dungeon)
   108 | D        | Bought a coiled emerald amulet for 45 gold pieces
   108 | D        | Identified the amulet of Okhirin {Faith Drain Int+4 Stlth+}
                  | (You bought it in a shop in the Dungeon)
   113 | D        | Bought a transparent lapis lazuli ring for 45 gold pieces
   113 | D        | Identified the ring "Caocoer" {rCorr MP+9 Str-2 Int+4} (You
                  | bought it in a shop in the Dungeon)
   116 | D        | Found a stormy altar of Qazlal.
   119 | D        | Found a shadowy altar of Dithmenos.
   119 | D        | Found a bloodstained altar of Trog.
   119 | D        | Round 2.
   120 | D        | Found Bousoin's Magic Scroll Shop.
   121 | D        | Found Qyvoarri's Magic Scroll Shop.
   121 | D        | Found Fehuoc's Must-Have Magic.
   122 | D        | Found a shimmering blue altar of Sif Muna.
   122 | D        | Found Oged's Staff Store.
   123 | D        | Noticed a centaur
   134 | D        | Killed a centaur
   135 | D        | Reached skill level 10 in Unarmed Combat
   135 | D        | Reached XP level 6. HP: 28/38 MP: 4/7
   179 | D        | Reached skill level 1 in Stealth
   276 | D        | Arena points: 54 (+42) [x3]
   317 | D        | Round 3.
   328 | D        | HP: 2/57 [gnoll sergeant (3)]
   355 | D        | Reached skill level 11 in Unarmed Combat
   369 | D        | Reached skill level 1 in Dodging
   369 | D        | Reached XP level 7. HP: 20/42 MP: 3/8
   447 | D        | Arena points: 138 (+84) [x4]
   520 | D        | Round 4.
   536 | D        | Noticed Menkaure
   536 | D        | Noticed a guardian mummy
   562 | D        | Killed a guardian mummy
   563 | D        | Reached skill level 12 in Unarmed Combat
   563 | D        | Gained mutation: You have razor-sharp teeth. [Vine Stalker
                  | growth]
   563 | D        | Reached XP level 8. HP: 44/47 MP: 9/9
   577 | D        | Killed Menkaure
   677 | D        | Noticed a guardian mummy
   688 | D        | Killed a guardian mummy
   688 | D        | Arena points: 318 (+180) [x5]
   689 | D        | Reached skill level 5 in Armour
   703 | D        | Bought a bloodstained cloak for 332 gold pieces
   703 | D        | Identified the +1 cloak "Uceegey" {*Slow Int+5} (You bought
                  | it in a shop in the Dungeon)
   723 | D        | Round 5.
   724 | D        | Noticed a bog body
   731 | D        | Killed from afar by a bog body

Illustrated notes

Levels and vault maps discovered:
D:        arena_sprint

Skill      XL: |  1  2  3  4  5  6  7  8 |
---------------+-------------------------+-----
Fighting       | 3 6 7 8 |  8.8
Unarmed Combat | 4 8 10 11 12 | 12.9
Stealth        | 4 6 |  6.0
Shields        | 4 |  4.0
Armour         | 3 4 5 |  5.4
Dodging        | 1 3 4 |  4.2

Action                   |  1- 3 |  4- 6 |  7- 9 || total
-------------------------+-------+-------+-------++-------
Melee: Unarmed           |     2 |    37 |    47 ||    86
       Bite              |     1 |    11 |    20 ||    32
Throw: Stone             |       |     3 |       ||     3
Invok: Sacrifice Courage |       |     1 |       ||     1
Evoke: Wand              |     3 |     1 |     3 ||     7
  Use: Potion            |       |     2 |     1 ||     3
Armor: Scale mail        |       |    11 |     2 ||    13
Dodge: Dodged            |       |    11 |     9 ||    20
Block: Buckler           |       |     3 |     5 ||     8

Table legend: (Time is in decaauts)
 A = Elapsed time spent in this place.
 B = Non-inter-level travel time spent in this place.
 C = Inter-level travel time spent in this place.
 D = Time resting spent in this place.
 E = Time spent auto-exploring this place.
 F = Levels seen in this place.
 G = Mean time per level.
                   A        B        C        D        E       F      G
               +--------+--------+--------+--------+--------+-----+--------+
         Total |    707 |    707 |      0 |    108 |      0 |   1 |  707.0 |
       Dungeon |    707 |    707 |      0 |    108 |      0 |   1 |  707.0 |
               +--------+--------+--------+--------+--------+-----+--------+

Top non-repeatable levels by time:
       D: 707 daAuts
